 Dungeon Crawl Stone Soup version 0.27-a0-1565-gad902ab807 (webtiles) character file.

Game seed: 8562595852258597942

25 DocClef the Covert (level 3, -3/35 HPs)
             Began as a Gnoll Delver on July 16, 2021.
             Slain by a mummy (8 damage)
             ... in an ossuary.
             The game lasted 00:00:46 (134 turns).

DocClef the Covert (Gnoll Delver)                    Turns: 134, Time: 00:00:46

Health: -3/35      AC:  6    Str: 12    XL:     3   Next: 6%
Magic:  3/3        EV: 10    Int:  9    God:
Gold:   0          SH:  0    Dex: 13    Spells: 3/3 levels left

rFire    . . .     SeeInvis .   a - +0 short sword
rCold    . . .     Faith    .   (no shield)
rNeg     . . .     Spirit   .   d - +0 scale mail
rPois    .         Reflect  .   (no helmet)
rElec    .         Harm     .   (no cloak)
rCorr    .         Rampage  .   (no gloves)
Will     .....                  (no boots)
Stlth    +++.......             (no amulet)
HPRegen  0.11/turn              (no ring)
MPRegen  0.08/turn              (no ring)

@: hasted, very quick
A: fangs 1, strong nose, distributed training
a: no special abilities


You were in an ossuary.
You visited 1 branch of the dungeon, and saw 1 of its levels.
You also visited: Ossuary.

Inventory:

Hand Weapons
 a - a +0 short sword (weapon)
Armour
 b - a +0 leather armour
 d - a +0 scale mail (worn)
Wands
 g - a wand of digging (3)
Scrolls
 c - a scroll of fog
 e - a scroll of fear
 h - a scroll of identify {unknown}


   Skills:
 + Level 6.5 Fighting
 + Level 4.5 Short Blades
 + Level 0.6 Long Blades
 + Level 0.6 Axes
 + Level 0.6 Maces & Flails
 + Level 0.6 Polearms
 + Level 0.6 Staves
 + Level 0.6 Slings
 + Level 0.6 Bows
 + Level 0.6 Crossbows
 + Level 0.6 Throwing
 + Level 0.6 Armour
 + Level 4.5 Dodging
 + Level 9.5 Stealth
 + Level 0.6 Shields
 + Level 0.6 Unarmed Combat
 + Level 0.6 Spellcasting
 + Level 0.4 Conjurations
 + Level 0.4 Hexes
 + Level 0.4 Summonings
 + Level 0.4 Necromancy
 + Level 0.4 Translocations
 + Level 0.4 Transmutations
 + Level 0.4 Fire Magic
 + Level 0.4 Ice Magic
 + Level 0.4 Air Magic
 + Level 0.4 Earth Magic
 + Level 0.4 Poison Magic
 + Level 0.8 Invocations
 + Level 0.6 Evocations


You had 3 spell levels left.
You didn't know any spells.
Your spell library contained the following spells:

 Spells                   Type           Power      Damage    Failure   Level
 Animate Dead             Necr           0%         N/A       100%        4
 Haunt                    Necr/Summ      0%         N/A       100%        7
 Infestation              Necr           0%         N/A       100%        8


Dungeon Overview and Level Annotations

Branches:
Dungeon (5/15)            Ossuary (1/1)
 Temple: D:4-7

Altars:


Innate Abilities, Weirdness & Mutations

You have very sharp teeth.
Your uncanny sense of smell can sniff out nearby items.
Your experience applies equally to all skills.


Message History

You are too injured to fight recklessly!
You are too injured to fight recklessly!
You are too injured to fight recklessly!
You are too injured to fight recklessly!
You are too injured to fight recklessly!
You are too injured to fight recklessly!
You are too injured to fight recklessly!
You are too injured to fight recklessly!
You are too injured to fight recklessly!
You are too injured to fight recklessly!
You are too injured to fight recklessly!
You are too injured to fight recklessly!
You are too injured to fight recklessly!
You are too injured to fight recklessly!
You are too injured to fight recklessly!
Unknown command.
You hit the mummy.
The mummy is almost destroyed.
The mummy closely misses you.
You hit the mummy. Your bite misses the mummy.
The mummy is almost destroyed.
The mummy misses you. The hobgoblin zombie barely misses you.
You barely miss the mummy.
The mummy is almost destroyed.
The hobgoblin zombie misses you. The mummy closely misses you.
Unknown command.
You hit the mummy but do no damage.
The mummy is almost destroyed.
The mummy hits you.
* * * LOW HITPOINT WARNING * * *
Unknown command.
You hit the mummy.
The mummy is almost destroyed.
The hobgoblin zombie closely misses you.
A kobold zombie comes into view.
The hobgoblin zombie closely misses you.
You hit the mummy but do no damage.
The mummy is almost destroyed.
The mummy hits you!
You die...

#........
#.....Z
#....#
#....# ∆
#....#
#....# ∆
#....# ∆
#.ZZM# ∆
∆ ∆
#.M@M# ∆∆
∆ #....#
∆ ∆
#.∩∩.# ∆∆
######


You could see 3 mummies, 2 hobgoblin zombies and a kobold zombie.

Vanquished Creatures
  An iguana (D:5)
  A gnoll zombie (Ossuary)
2 creatures vanquished.

Notes
Turn   | Place    | Note
-------+----------+-------------------------------------------
     0 | D:5      | Reached skill level 9 in Stealth
     0 | D:5      | DocClef the Gnoll Delver began the quest for the Orb.
     0 | D:5      | Reached XP level 1. HP: 23/23 MP: 1/1
    39 | D:5      | Noticed an iguana
    45 | D:5      | Killed an iguana
    46 | D:5      | Reached XP level 2. HP: 29/29 MP: 2/2
    46 | D:5      | Reached XP level 3. HP: 35/35 MP: 3/3
    72 | D:5      | Found a sand-covered staircase.
    80 | Ossuary  | Entered an ossuary
   134 | Ossuary  | Slain by a mummy

Illustrated notes

Levels and vault maps discovered:
D:5:      layout_loops_ring, serial_glass, glass_columns_a, glass_columns_a,
          nicolae_ossuary_entry_false_entrances
Ossuary:  ossuary_tomb_3

Skill      XL: | |
---------------+-+-----
Stealth        | |  9.5
Fighting       | |  6.5
Short Blades   | |  4.5
Long Blades    | |  0.6
Axes           | |  0.6
Maces & Flails | |  0.6
Polearms       | |  0.6
Staves         | |  0.6
Slings         | |  0.6
Bows           | |  0.6
Crossbows      | |  0.6
Throwing       | |  0.6
Armour         | |  0.6
Dodging        | |  4.5
Shields        | |  0.6
Unarmed Combat | |  0.6
Spellcasting   | |  0.6
Conjurations   | |  0.4
Hexes          | |  0.4
Summonings     | |  0.4
Necromancy     | |  0.4
Translocations | |  0.4
Transmutations | |  0.4
Fire Magic     | |  0.4
Ice Magic      | |  0.4
Air Magic      | |  0.4
Earth Magic    | |  0.4
Poison Magic   | |  0.4
Invocations    | |  0.8
Evocations     | |  0.6

Action                   || total
-------------------------++-------
Melee: Short sword       ||    27
  Use: Scroll            ||     1
       Potion            ||     1
 Stab: Sleeping          ||     1
Armor: Scale mail        ||    10
Dodge: Dodged            ||    17

Table legend: (Time is in decaauts)
 A = Elapsed time spent in this place.
 B = Non-inter-level travel time spent in this place.
 C = Inter-level travel time spent in this place.
 D = Time resting spent in this place.
 E = Time spent auto-exploring this place.
 F = Levels seen in this place.
 G = Mean time per level.
                   A        B        C        D        E       F      G
               +--------+--------+--------+--------+--------+-----+--------+
         Total |    122 |    122 |      0 |      0 |      4 |   2 |   61.0 |
       Dungeon |     79 |     79 |      0 |      0 |      0 |   1 |   79.0 |
       Ossuary |     42 |     42 |      0 |      0 |      4 |   1 |   42.0 |
               +--------+--------+--------+--------+--------+-----+--------+

Top non-repeatable levels by time:
     D:5: 79 daAuts
 Ossuary: 42 daAuts
